[Event "*** Titled Tuesday 3|2 Blitz"]
[Site "Chess.com"]
[Date "2016.06.07"]
[Round "5"]
[White "hansen"]
[Black "Rumpel-VK"]
[Result "1-0"]
[WhiteElo "2560"]
[BlackElo "2442"]
[TimeControl "180+2"]
[EndTime "12:03:11 PDT"]
[Termination "hansen won on time"]

1. e4 d6 2. d4 Nf6 3. Nc3 e5 4.
Nf3 Nbd7 5. Bc4 Be7 6. a4 O-O 7. O-O c6 8. Re1 exd4 9. Nxd4 Ne5 10. Ba2 Re8 11. h3 Bd7 12. Be3 Qc7 13. Qd2 h6 14. f4 Ng6 15. f5 Ne5 16. Bxh6 gxh6 17. Qxh6 Nh7 18. Re3 Kh8 19. Qh5 Bg5 20. Re2 Qb6 21. Rd1 Qxb2 22. Bxf7 Nxf7 23. Qxf7 Qxc3 24. Nf3 Re7 25.
Qh5 Rg8 26. Kh1 Bf4 27. Qh4 Bg5 28. Nxg5 Rxg5 29. Rxd6 Qa1+ 30. Re1 Qe5 31. Rh6 Qg3 32. Qxg3 Rxg3 33. f6 Rf7 34. e5 Be6 35. Rd1 Rg8 36. Kh2 Re8 37. g4 Bd5 38. c4 Bxc4 39. g5 Kg8 40. g6 Nxf6 41. gxf7+ Bxf7 42. Rg1+ Kf8 43. exf6 Re2+ 44. Rg2 Rxg2+ 45. Kxg2 Bd5+ 46. Kg3 Kf7 47. Kf4 b5 48. axb5 cxb5 49. Ke5 Bc4 50. Rh7+ Kf8 51. Rxa7 b4 52. Rb7 b3 53. h4 Bf7 54.
Rb8+ Be8 55. Rxb3 Bf7 56. Rb8+ 1-0

[Event "*** Titled Tuesday 3|2 Blitz"]
[Site "Chess.com"]
[Date "2016.06.07"]
[Round "5"]
[White "SloLev"]
[Black "viktorskliarov"]
[Result "1/2-1/2"]
[WhiteElo "2098"]
[BlackElo "2353"]
[TimeControl "180+2"]
[EndTime "12:03:20 PDT"]
[Termination "Game drawn by repetition"]

1. d4 Nf6 2. Nf3 e6 3. Bg5 Be7 4. e3 O-O 5. Bd3 c5 6. O-O b6 7. c3 Bb7 8. Nbd2 cxd4 9. exd4 Nd5 10. Bxe7 Qxe7 11. Re1 f5 12. c4 Nf4 13. Bf1 Qf6 14. a4 Qg6 15. g3 Nh5 16. Ne5 Qe8 17. f4 Nc6 18. Ndf3 Nf6 19. d5 Nxe5 20. Rxe5 Ne4 21. d6 Rc8 22. Nd2 Nxd6 23. b3 Ne4 24. Nxe4 Bxe4 25.
Qd6 Rc6 26. Qd4 d6 27. Rb5 Qh5 28. Qe3 d5 29. cxd5 Rc2 30. h4 exd5 31. a5 d4 32.
Qxe4 fxe4 33. Rxh5 e3 34. Bc4+ Kh8 35. Rxh7+ Kxh7 36. Bd3+ Kh6 37. Bxc2 Rc8 38. Bd3 Rc3 39. axb6 axb6 40. Bc4 d3 41. Rd1 e2 42. Re1 Rxc4 43. bxc4 d2 44. Rxe2 d1=Q+ 45. Kf2 Kh5 46. Re5+ Kg4 47. Rg5+ Kh3 48. Ke3 Qd7 49. h5 Qe6+ 50. Kd4 Kg2 51. Kc3 Kf3 52. Kb4 Qd7 53. Kc3 Qf7 54.
Kb4 Qf6 55. Kb5 Ke4 56. c5 bxc5 57. Kxc5 Qd4+ 58. Kc6 Qf6+ 59. Kd7 Kf3 60. Ke8 Ke4 61. Kd7 Kd4 62. Ke8 Ke3 63. Kd7 Kf2 64. Ke8 Kg2 65.
Kd7 Kg1 66. Ke8 Kf2 67. Kd7 Ke2 68. Ke8 Kd3 69. Kd7 Kc4 70. Ke8 Kd4 71. Kd7 Ke4 72.
Ke8 Kf3 73. Kd7 Ke4 74. Ke8 Kf3 75. Kd7 Ke4 76. Ke8 Kf3 77. Kd7 Ke4 78. Ke8 Kf3 79. Kd7 Ke4 1/2-1/2

[Event "*** Titled Tuesday 3|2 Blitz"]
[Site "Chess.com"]
[Date "2016.06.07"]
[Round "5"]
[White "matej2221"]
[Black "VSERGUEI"]
[Result "0-1"]
[WhiteElo "2438"]
[BlackElo "2502"]
[TimeControl "180+2"]
[EndTime "12:03:26 PDT"]
[Termination "VSERGUEI won by resignation"]

1. e4 e6 2. d4 d5 3. Nd2 Nf6 4.
Bd3 c5 5. e5 Nfd7 6. c3 Nc6 7.
Ne2 cxd4 8. cxd4 f6 9. exf6 Nxf6 10. Nf3 Bd6 11. O-O O-O 12. h3 Bd7 13. Be3 Be8 14.
Nc3 Bh5 15. Be2 Rc8 16. Re1 a6 17. Ng5 Bxe2 18. Qxe2 Qd7 19. Rad1 h6 20. Nf3 Qf7 21. Bc1 Rce8 22. Ne5 Bxe5 23. dxe5 Nd7 24. f4 Nc5 25. Be3 b6 26. g3 Qg6 27. Kh2 Rc8 28. a3 Rfd8 29.
b4 d4 30. bxc5 bxc5 31. Bd2 dxc3 32. Bxc3 Nd4 33. Qd3 Qxd3 34. Rxd3 Nb5 35. Red1 Rxd3 36. Rxd3 c4 37. Re3 Nxa3 38. Kg2 Nb5 39. Kf3 a5 40. Ke2 a4 41. Kd2 a3 42. Kc2 a2 43.
Kb2 Nxc3 44. Rxc3 Ra8 45. Ka1 Ra4 46. g4 Kf7 47. Rc2 h5 48. gxh5 Ke7 49. Rxa2 Rxa2+ 50. Kxa2 Kd7 51. Kb2 Kc6 52. Kc3 Kd5 53. Kb4 Ke4 54. Kxc4 Kxf4 55. Kd4 Kf5 56. h4 Kf4 57. Kd3 Kxe5 58.
Ke3 Kf5 59. Kf3 e5 60. Ke3 Kg4 61. h6 gxh6 62. Ke4 Kxh4 63. Kxe5 Kg4 64. Ke4 h5 65. Ke3 Kg3 66. Ke2 Kg2 0-1

[Event "*** Titled Tuesday 3|2 Blitz"]
[Site "Chess.com"]
[Date "2016.06.07"]
[Round "5"]
[White "Boryboy"]
[Black "Yaacovn"]
[Result "0-1"]
[WhiteElo "2538"]
[BlackElo "2644"]
[TimeControl "180+2"]
[EndTime "12:03:38 PDT"]
[Termination "Yaacovn won by checkmate"]

1. d4 Nf6 2. Nf3 e6 3. g3 b6 4.
Bg2 Bb7 5. c4 Bb4+ 6. Bd2 Qe7 7.
O-O Bxd2 8. Qxd2 O-O 9. Rd1 Ne4 10. Qe3 Nf6 11. Nc3 Nc6 12. d5 exd5 13. Qxe7 Nxe7 14. Ne5 d6 15. Nd3 dxc4 16. Bxb7 Rab8 17. Ba6 cxd3 18. Bxd3 c6 19. e4 Rfd8 20. Rac1 b5 21. f4 a5 22.
Ne2 Nd7 23. Bb1 Nb6 24. Nd4 Rbc8 25. Rd2 b4 26. Bd3 c5 27. Nb5 d5 28. exd5 Rxd5 29.
Re2 Kf8 30. Be4 Rd7 31. Bf3 c4 32. Re5 g6 33. Bg4 f5 34. Bf3 Rcd8 35. Rce1 Ned5 36. Re6 Na4 37. b3 cxb3 38. axb3 Nac3 39. Nd4 Nxf4 40.
gxf4 Rxd4 41. Rf6+ Kg7 42. Ra6 Rxf4 43. Kg2 Rd3 44. Bc6 Rg4+ 45. Kh1 Rd2 46. Rxa5 Rh4 47. Bg2 Rg4 48. Bf3 Rf4 49. Bc6 Rff2 50. Ra7+ Kh6 51.
h3 Rh2+ 52. Kg1 Rxh3 53. Ree7 Ne2+ 54. Kf2 Nd4+ 55. Ke1 Rhh2 56. Rxh7+ Kg5 57. Rxh2 Rxh2 58. Bd5 Nc2+ 59. Kf1 Ne3+ 60. Kg1 Rb2 61. Bf7 f4 62. Rb7 Kf6 63. Bg8 g5 64. Rb6+ Ke5 65. Rb5+ Kf6 66.
Rb6+ Kg7 67. Be6 f3 68. Bh3 g4 69. Bf1 g3 70. Rxb4 Nxf1 71. Rg4+ Kh6 72. Rf4 Ne3 73. Rxf3 Rb1+ 74. Rf1 Rxf1# 0-1

[Event "*** Titled Tuesday 3|2 Blitz"]
[Site "Chess.com"]
[Date "2016.06.07"]
[Round "5"]
[White "northridgehawk"]
[Black "ChessMavenYeti"]
[Result "0-1"]
[WhiteElo "1891"]
[BlackElo "2141"]
[TimeControl "180+2"]
[EndTime "12:03:41 PDT"]
[Termination "ChessMavenYeti won by checkmate"]

1. e4 e6 2. Nc3 d5 3. Nf3 Nf6 4. e5 Nfd7 5. d4 b6 6. Bf4 Ba6 7. Bxa6 Nxa6 8. O-O c5 9. Nb5 Nab8 10. c3 Nc6 11. Re1 a6 12. Nd6+ Bxd6 13. exd6 O-O 14. Ng5 Qf6 15. Qg4 cxd4 16. cxd4 Nxd4 17. Rad1 Nf5 18.
Rd3 e5 19. Bc1 d4 20. Rh3 h6 21. Ne4 Qg6 22. Qf3 Nxd6 23. Rg3 Qe6 24. Qh5 Nxe4 25. Rxe4 Kh7 26. Reg4 Rg8 27. Rh4 Rac8 28. Bd2 Rc2 29. Bg5 Rxb2 30. h3 Nf8 31. Qf3 Ng6 32. Rh5 e4 33. Qa3 Rb1+ 34. Kh2 d3 35. Qxa6 Qd6 36.
Be3 Ne5 37. Qa4 b5 38. Qxe4+ Kh8 39. Rxe5 d2 40. Bxd2 Qxd2 41. Re8 Qd1 42. Re3 Qd6+ 43. g3 Rb2 44. Rxg8+ Kxg8 45. Qe8+ Kh7 46. Kg2 Qf6 47. Rf3 Qd4 48. Qxf7 Re2 49. Qf5+ Kg8 50. Qxb5 Qe4 51.
Qb3+ Kh7 52. a4 Rd2 53. a5 Rd5 54. Qa3 Rd1 55. a6 Qe1 56. Qd3+ Rxd3 57. Rxd3 Qe4+ 58. Rf3 Qc6 59. g4 Qxa6 60. Kg3 Qc6 61. Rf4 Qc3+ 62. Rf3 Qe5+ 63. Kg2 Qe4 64. Kg3 g5 65. Rf5 Kg6 66. h4 gxh4+ 67. Kxh4 Qg2 68. f3 Qh2# 0-1

[Event "*** Titled Tuesday 3|2 Blitz"]
[Site "Chess.com"]
[Date "2016.06.07"]
[Round "5"]
[White "profofchess"]
[Black "aspired"]
[Result "0-1"]
[WhiteElo "2320"]
[BlackElo "2513"]
[TimeControl "180+2"]
[EndTime "12:03:54 PDT"]
[Termination "aspired won by resignation"]

1. e4 e5 2. f4 d5 3. exd5 exf4 4.
Nf3 Nf6 5. Bc4 Nxd5 6. O-O Be7 7. d4 O-O 8. Bxd5 Qxd5 9. Bxf4 c6 10. Nc3 Qh5 11.
Qe1 Bf6 12. Qg3 Nd7 13. Ne4 Qg6 14. Nxf6+ Nxf6 15. Qxg6 hxg6 16. Rfe1 Bf5 17. c3 Rfe8 18. Rxe8+ Rxe8 19. Re1 Rxe1+ 20. Nxe1 Nd5 21. Bd2 Bb1 22. a3 f6 23. Kf2 g5 24. Ke2 Kf7 25. Nd3 Bxd3+ 26.
Kxd3 Ke6 27. c4 Ne7 28. g4 a6 29. Ke4 b5 30. b3 bxc4 31. bxc4 Nc8 32. d5+ cxd5+ 33.
cxd5+ Kd7 34. Kf5 Ne7+ 35. Ke4 Nc8 36. Kf5 Nb6 37. Kg6 Nxd5 38. Kxg7 Ke6 39. Kh6 Kf7 40.
Kh7 Nb6 41. Kh6 Nc4 42. Bb4 Ne5 43. Kh5 Nf3 44. Bd6 Ke6 45. Bc7 Nd4 46. Bb6 Nb5 47.
Bc5 Nc3 48. h4 Ne4 49. hxg5 Nxc5 50. g6 Ke7 51. Kh6 Ne6 52. g7 Kf7 53. g8=Q+ Kxg8 54. Kg6 Nd4 55. Kxf6 a5 56. Ke5 Nb5 57. a4 Nc3 58. Kd4 Nxa4 59. Kc4 Nb6+ 60. Kb5 a4 61. Kb4 Kg7 62. Kb5 Kg6 63. Kb4 Kg5 64. Ka3 Kxg4 65. Ka2 Kf5 66. Kb2 Ke5 67. Ka2 Kd5 68. Kb2 Kc5 69.
Ka2 Kb4 70. Kb2 Nc4+ 71. Ka2 a3 72. Ka1 Kb3 73. Kb1 Na5 74. Ka1 Nc6 75. Kb1 Nb4 76. Ka1 Nc2+ 0-1

[Event "*** Titled Tuesday 3|2 Blitz"]
[Site "Chess.com"]
[Date "2016.06.07"]
[Round "5"]
[White "FairChess_on_YouTube"]
[Black "AlexanderL"]
[Result "1-0"]
[WhiteElo "2721"]
[BlackElo "2597"]
[TimeControl "180+2"]
[EndTime "12:04:00 PDT"]
[Termination "FairChess_on_YouTube won by resignation"]

1. d4 d5 2. Nf3 Nf6 3. Bf4 Bf5 4. e3 e6 5. Bd3 Bxd3 6. Qxd3 c5 7. O-O Nc6 8. c3 Be7 9. Nbd2 O-O 10. a4 Nh5 11. Be5 f6 12. Bg3 Nxg3 13. hxg3 Qd7 14. Qe2 f5 15. Ne1 Rac8 16. f4 b6 17. Nd3 c4 18.
Ne5 Nxe5 19. dxe5 Bc5 20. Nf3 h6 21. Nd4 Qf7 22. Kf2 Qg6 23. Rh1 Bxd4 24. exd4 Kf7 25. Rh4 Ke7 26. Qf1 Qe8 27. Qb1 h5 28. Qa2 g6 29.
Qa3+ Kf7 30. Rhh1 Qe7 31. Qa2 Rc7 32. Kg1 Rh8 33. Qa3 Rb8 34. Kh2 Rcb7 35. Kh3 a5 36. Qxe7+ Kxe7 37. Kh4 Kf7 38. Kg5 b5 39. axb5 Rxb5 40.
Rhb1 Kg7 41. Ra2 R8b7 42. Rba1 Ra7 43. Ra3 Ra8 44. R1a2 Ra7 45. Ra4 Ra8 46. R4a3 Ra7 47.
Ra4 Ra8 48. Rb4 Rxb4 49. cxb4 a4 50. b5 Kf7 51. b6 Ke7 52. Kxg6 Rg8+ 53. Kxh5 Kd7 54.
Rxa4 Kc6 55. Ra6 Kb7 56. Ra7+ Kxb6 57. Re7 Rxg3 58. Rxe6+ Kc7 59. Rd6 Rxg2 60. Rxd5 Rxb2 61. Rc5+ Kd7 62. Kg5 Ke6 63. d5+ Kd7 64. Kxf5 Rc2 65. Kf6 1-0

[Event "*** Titled Tuesday 3|2 Blitz"]
[Site "Chess.com"]
[Date "2016.06.07"]
[Round "5"]
[White "silverback96"]
[Black "bilelou"]
[Result "1-0"]
[WhiteElo "2052"]
[BlackElo "2152"]
[TimeControl "180+2"]
[EndTime "12:04:24 PDT"]
[Termination "silverback96 won by resignation"]

1. Nf3 d5 2. g3 Nc6 3. Bg2 e5 4.
c4 e4 5. cxd5 exf3 6. Bxf3 Ne5 7.
Bg2 Nf6 8. f4 Ng6 9. e4 Bc5 10. d4 Bb6 11. Nc3 O-O 12. h3 Re8 13.
O-O c6 14. dxc6 Qxd4+ 15. Kh2 bxc6 16. e5 Nd5 17. Nxd5 cxd5 18. Bxd5 Qxd1 19. Rxd1 Rb8 20. Bd2 Be6 21. Be4 Ne7 22. g4 Bd5 23. Bb1 Red8 24.
Bb4 Ng6 25. Bd6 Bb7 26. Bxg6 hxg6 27. Bxb8 Rxb8 28. Rd7 Bc6 29. Rd6 Bb7 30. Rd7 g5 31.
fxg5 Bc6 32. Rd6 Be4 33. Rd7 Re8 34. Rf1 Bg6 35. h4 Rxe5 36. h5 Re2+ 37. Kh3 Re3+ 38. Kh2 Rd3 39. Re7 Rd2+ 40. Kh3 Rd3+ 41. Kh2 Rd2+ 42.
Kh3 Bd3 43. Rfxf7 Bc4 44. Rxg7+ Kf8 45. g6 Rd3+ 46. Kh2 Rd2+ 47. Kh3 Rd3+ 48. Kg2 Bd5+ 49. Kf1 Rf3+ 50. Ke1 Ba5+ 51. Ke2 Bb6 52. Rh7 Rf2+ 53. Kd3 Rf3+ 54. Ke2 Rf2+ 55. Kd3 Rf3+ 56. Kc2 Rf2+ 57.
Kc3 Rf3+ 58. Kb4 Rf4+ 59. Kb5 Bc4+ 60. Kc6 Rf6+ 61. Kb7 Bd5+ 62. Kb8 Bg8 63. Rhg7 Bc5 64. Rd7 Rb6+ 65. Ka8 Rxb2 66. Rxg8+ Kxg8 67. h6 Bf8 68. h7+ Kh8 69. Rd8 Kg7 70. Rxf8 Rh2 71. Rg8+ Kf6 1-0

[Event "*** Titled Tuesday 3|2 Blitz"]
[Site "Chess.com"]
[Date "2016.06.07"]
[Round "5"]
[White "mwpchess"]
[Black "TheLancer"]
[Result "1/2-1/2"]
[WhiteElo "2356"]
[BlackElo "2458"]
[TimeControl "180+2"]
[EndTime "12:04:37 PDT"]
[Termination "Game drawn - insufficient material"]

1. d4 Nf6 2. Nf3 e6 3. Bf4 c5 4. c3 cxd4 5. cxd4 Be7 6. Nc3 d6 7. e3 Nbd7 8. Be2 a6 9. O-O b6 10. h3 Bb7 11. Rc1 O-O 12. Qd3 Re8 13. Bh2 Bf8 14.
e4 b5 15. a3 e5 16. d5 Rc8 17. Nd2 Nc5 18. Qe3 g6 19. b4 Ncd7 20. Nb3 Kh8 21.
Na5 Ba8 22. a4 Ng8 23. Qd3 Bh6 24. Rc2 bxa4 25. Nxa4 Rxc2 26. Qxc2 Nb6 27. Bxa6 Nxa4 28. Qxa4 Nf6 29. Bb5 Rf8 30. Bd3 Qb6 31. Nc4 Qd4 32. Qc2 Rc8 33. Re1 Bd2 34. Qxd2 Rxc4 35. b5 Rc3 36.
Qa2 Bxd5 37. exd5 Rxd3 38. Bg3 Ne4 39. Kh2 Nxg3 40. fxg3 Rd2 41. Qa8+ Kg7 42. Qc6 Qxd5 43. Qxd5 Rxd5 44. Rb1 Rc5 45. b6 Rc8 46. b7 Rb8 47. g4 Kf6 48. Kg3 Ke6 49. Kh4 h6 50. g5 h5 51. Kg3 Kd7 52. Rf1 Ke6 53. Rb1 Kf5 54. h4 Ke6 55. Kf3 Kd5 56. Ke3 Kc6 57. Rc1+ Kxb7 58. Ke4 Re8 59. Rf1 Re7 60. Kd5 e4 61.
Kxd6 Re6+ 62. Kd5 Re7 63. Kd4 e3 64. Kd3 e2 65. Re1 Kc6 66. Rxe2 Ra7 67. Ke3 Kd5 68.
Kf3 Ra4 69. g3 Kd6 70. Re4 Rxe4 71. Kxe4 Ke6 72. Kf4 Kd5 73. g4 hxg4 74. Kxg4 Ke5 75. h5 gxh5+ 76. Kxh5 Kf5 77. Kh4 Kf4 78. Kh5 Kf5 79. Kh4 Kg6 80. Kg4 f6 81. gxf6 Kxf6 1/2-1/2

[Event "*** Titled Tuesday 3|2 Blitz"]
[Site "Chess.com"]
[Date "2016.06.07"]
[Round "5"]
[White "Wolverine_master"]
[Black "MateusViageiro"]
[Result "0-1"]
[WhiteElo "2092"]
[BlackElo "2299"]
[TimeControl "180+2"]
[EndTime "12:04:53 PDT"]
[Termination "MateusViageiro won on time"]

1. e4 c5 2. Nf3 d6 3. d4 cxd4 4. Nxd4 Nf6 5. Nc3 a6 6. Be2 e5 7.
Nb3 Be7 8. O-O O-O 9. Be3 Be6 10. Kh1 Nc6 11. f4 exf4 12. Bxf4 d5 13. exd5 Nxd5 14. Nxd5 Bxd5 15. Bf3 Bxf3 16. Qxf3 Bf6 17. c3 Qb6 18. Qg3 Kh8 19. Rad1 a5 20. Bc7 Qb5 21. Rf2 a4 22.
Nd4 Nxd4 23. cxd4 Rfe8 24. Rdf1 Ra6 25. h3 Rae6 26. Be5 Bxe5 27. dxe5 Rg6 28. Qc3 Qd5 29.
Qf3 Qxa2 30. Qxb7 h6 31. Rxf7 Kh7 32. Qe4 Qxb2 33. R1f6 Qa1+ 34. Kh2 Qxe5+ 35. Qxe5 Rxe5 36. Rxg6 Kxg6 37. Ra7 Re4 38. Kg3 Rb4 39. Kf3 Rb3+ 40. Kf4 a3 41. Ra6+ Kf7 42. h4 h5 43. g4 Rb4+ 44. Kf5 Rxg4 45. Ra7+ Kg8 46. Rxa3 Kh7 47. Rh3 Rb4 48. Kg5 Rb5+ 49. Kf4 Kh6 50. Rh2 Rb4+ 51. Kf5 g6+ 52. Kf6 Rf4+ 53. Ke5 Ra4 54. Kf6 Rb4 55.
Ke5 Kg7 56. Rh3 Rg4 57. Rh2 Kh6 58. Kf6 Rf4+ 59. Ke5 Rb4 60. Kf6 Re4 61. Rh3 Rf4+ 62. Ke5 Rf8 63. Rh2 Rf1 64. Rh3 g5 65. hxg5+ Kxg5 66. Ke4 h4 67. Ke3 Kg4 68. Rh2 h3 0-1

[Event "*** Titled Tuesday 3|2 Blitz"]
[Site "Chess.com"]
[Date "2016.06.07"]
[Round "5"]
[White "eltenedor"]
[Black "Abdodi"]
[Result "1-0"]
[WhiteElo "2051"]
[BlackElo "1979"]
[TimeControl "180+2"]
[EndTime "12:04:58 PDT"]
[Termination "eltenedor won by resignation"]

1. c4 Nf6 2. g3 d5 3. cxd5 Nxd5 4. Bg2 c5 5. Nc3 Nb6 6. Nf3 Nc6 7. O-O g6 8. d3 Bg7 9. Nd2 O-O 10. Nde4 c4 11.
dxc4 Qxd1 12. Rxd1 Nxc4 13. b3 Nd6 14. Bb2 Nxe4 15.
Bxe4 Bf5 16. Bxf5 gxf5 17. Na4 Bxb2 18. Nxb2 Rfd8 19. Nd3 Nd4 20. Kf1 Rac8 21. Rac1 f6 22.
Nf4 e5 23. Rxc8 Rxc8 24. Nd5 Kf7 25. e3 Ne6 26. Nb4 Rc7 27. Ke2 a5 28. Nd5 Rc2+ 29. Rd2 Rc1 30. h4 Nc5 31. Rd1 Rc2+ 32. Rd2 Rc1 33. Nb6 Kg6 34. Nc4 b5 35. Nxa5 Ne4 36.
Rb2 Ra1 37. Nb7 Nc3+ 38. Kd2 Nxa2 39. Nd6 b4 40. Nb5 Kf7 41. Kd3 Ke6 42. Kc4 Nc1 43.
Rd2 Rb1 44. Kxb4 Rxb3+ 45. Kc4 Rb1 46. Nc3 Ra1 47. Rd1 Nb3 48. Rxa1 Nxa1 49. Nb5 Nc2 50. Nc7+ Kf7 51. Nd5 Ne1 52. Kc3 Nf3 53. Kd3 Nh2 54. Ke2 e4 55. Nf4 Ng4 56. Nd5 Ne5 57. Nc3 Ke6 58. Nb5 Nd3 59. Nd4+ Ke5 60. f4+ Kd5 61.
Nxf5 Nc5 62. g4 Ne6 63. g5 fxg5 64. fxg5 Nf8 65. Ng3 Ke5 66. Kf2 Ng6 67. h5 Nf8 68. Kg2 Ne6 69. g6 hxg6 70. hxg6 Ng5 71. g7 Nf3 72.
g8=Q 1-0

[Event "*** Titled Tuesday 3|2 Blitz"]
[Site "Chess.com"]
[Date "2016.06.07"]
[Round "5"]
[White "Fibrinogen"]
[Black "Grootneus"]
[Result "0-1"]
[WhiteElo "2282"]
[BlackElo "2100"]
[TimeControl "180+2"]
[EndTime "12:04:59 PDT"]
[Termination "Grootneus won by resignation"]

1. e4 c5 2. Nf3 Nc6 3. Bb5 e6 4. O-O Nge7 5. Re1 Nd4 6. Nxd4 cxd4 7. b3 a6 8. Bf1 e5 9. Bb2 d6 10. c3 dxc3 11. Nxc3 g6 12. d4 Bg7 13. dxe5 Bxe5 14.
Na4 O-O 15. Bxe5 dxe5 16. Qxd8 Rxd8 17. Nb6 Rb8 18. Rac1 Nc6 19. g3 Be6 20. Bxa6 Nb4 21. Bf1 Nxa2 22. Rc7 Bxb3 23. Ra1 Be6 24. Bc4 Bxc4 25.
Nxc4 Nc3 26. Nxe5 Nxe4 27. Nxf7 Rdc8 28. Nh6+ Kh8 29. Re7 Re8 30. Rc7 Rec8 31. Rac1 Rxc7 32. Rxc7 Ng5 33. Ng4 b5 34. h4 Ne6 35. Re7 Ng7 36.
Re3 b4 37. Rb3 Nf5 38. Ne3 Nd4 39. Rb2 Ne6 40. Kf1 Nc5 41. Ke2 Na4 42. Rb3 Nc5 43.
Rb1 Kg7 44. f3 Kf7 45. Kd2 Ke6 46. Nc2 Rd8+ 47. Ke2 b3 48. Na1 Rb8 49. Kd2 Kd5 50. Kc3 Na4+ 51. Kd3 Nc5+ 52. Kc3 Na4+ 53. Kd3 Rb4 54. f4 Rd4+ 55. Ke3 b2 56. Nc2 Rc4 57. Kd3 Rc8 58. Ne3+ Kc5 59. Nd1 Rb8 60. Kc2 Kd4 61.
g4 Ke4 62. f5 gxf5 63. gxf5 Kxf5 64. Kd2 Kg4 65. Ke3 Kxh4 66. Kf4 Rb4+ 67. Kf3 Kg5 68.
Kg3 h5 69. Kh3 h4 70. Kh2 Kg4 71. Nf2+ Kf3 72. Nd3 Rb5 73. Kg1 Ke3 74. Nxb2 Rxb2 75. Ra1 Nc3 76. Ra3 Rc2 77. Rb3 Kf4 78. Rb4+ Ne4 79.
Rb1 Re2 80. Rf1+ Kg3 81. Rd1 Re3 82. Rb1 h3 83. Rf1 Nd2 84. Rd1 Nf3+ 85. Kh1 Re1+ 86. Rxe1 Nxe1 87. Kg1 Nd3 88. Kh1 Nf2+ 89. Kg1 h2+ 90.
Kf1 h1=Q+ 91. Ke2 0-1

[Event "*** Titled Tuesday 3|2 Blitz"]
[Site "Chess.com"]
[Date "2016.06.07"]
[Round "5"]
[White "josiwales"]
[Black "jup1978"]
[Result "1/2-1/2"]
[WhiteElo "2124"]
[BlackElo "2199"]
[TimeControl "180+2"]
[EndTime "12:05:00 PDT"]
[Termination "Game drawn - insufficient material"]

1. e4 e6 2. d3 Nc6 3. f4 d5 4. Qe2 dxe4 5. dxe4 e5 6. Nf3 Bd6 7. c3 Qe7 8. f5 Bd7 9. Be3 g6 10. g4 h5 11. fxg6 hxg4 12. gxf7+ Qxf7 13. Ng5 Qh5 14. h4 gxh3 15. Qxh5+ Rxh5 16. Bxh3 Bxh3 17. Rxh3 Rxh3 18.
Nxh3 O-O-O 19. Nd2 Nf6 20. Nf2 Rg8 21. Ke2 Nd8 22.
Nc4 b6 23. Nxd6+ cxd6 24. Rd1 Kc7 25. b4 Ne6 26. a4 Rg3 27. a5 Ng4 28. Nxg4 Rxg4 29.
axb6+ axb6 30. Bxb6+ Kc6 31. Kf3 Rf4+ 32. Ke3 Ng5 33.
Bd8 Nxe4 34. c4 Nc3 35. Rc1 Na2 36. b5+ Kc5 37. b6 Rf8 38. Be7 Re8 39. Rb1 Nc3 40.
Rb3 Na4 41. b7 Rb8 42. Rb5+ Kc6 43. Kd3 Nc5+ 44. Kc3 Rxb7 45. Rxb7 Nxb7 46. Kb4 Nc5 47. Bh4 Nd3+ 48. Kc3 Nf4 49. Be1 Ne6 50. Bf2 Ng5 51.
Kd3 Nh3 52. Be3 d5 53. cxd5+ Kxd5 54. Bc1 Nf2+ 55. Ke3 Ng4+ 56. Kf3 Nf6 57. Bb2 e4+ 58.
Kf4 Nd7 59. Ke3 Nc5 60. Bh8 Nd3 61. Ba1 Nb4 62. Bh8 Nc2+ 63. Kd2 Nb4 64. Bc3 Nc6 65. Bh8 Ke6 66. Ke3 Kf5 67. Ba1 Ne7 68. Bh8 Nd5+ 69. Kd4 Nf4 70. Ke3 Ng2+ 71. Ke2 Kf4 72. Bd4 Nh4 73. Bh8 Nf5 74. Ba1 Ng3+ 75. Ke1 Kf3 76. Bd4 Nf5 77. Ba7 Ne3 78. Bb6 Nd5 79. Ba7 Nb4 80.
Bb6 Nd3+ 81. Kd2 Ne5 82. Ba7 Kf4 83. Bb8 Kf5 84. Bxe5 Kxe5 85. Ke3 Kd5 86. Kd2 Kd4 87. Ke2 Ke5 88. Ke3 Kf5 89. Ke2 Kf4 90. Kf2 e3+ 91. Ke2 Ke4 92. Ke1 Kf3 93. Kf1 Kf4 94. Ke2 Ke4 95.
Ke1 Kd4 96. Ke2 Ke4 97. Ke1 Kd3 98. Kd1 e2+ 99. Ke1 Kd4 100. Kxe2 1/2-1/2

[Event "*** Titled Tuesday 3|2 Blitz"]
[Site "Chess.com"]
[Date "2016.06.07"]
[Round "5"]
[White "DrHolmes13"]
[Black "Penguininja"]
[Result "1/2-1/2"]
[WhiteElo "2374"]
[BlackElo "2231"]
[TimeControl "180+2"]
[EndTime "12:05:11 PDT"]
[Termination "Game drawn by agreement"]

1. Nf3 d5 2. d4 Nf6 3. c4 c6 4. Qb3 dxc4 5. Qxc4 g6 6. Nc3 Bg7 7. e4 O-O 8. Be2 b5 9. Qb3 Bb7 10. O-O a6 11. Be3 Nbd7 12. Rfd1 e6 13. h3 Qe7 14. a4 Rac8 15. Bd3 b4 16. Na2 a5 17.
Rac1 c5 18. e5 Nd5 19. Bg5 f6 20. exf6 Bxf6 21. Bxf6 Qxf6 22. Bb5 c4 23. Rxc4 Rxc4 24. Qxc4 N7b6 25. Qc5 Nf4 26. Bf1 Nxh3+ 27. Kh2 Bxf3 28. Rd3 Qf4+ 29. g3 Qh6 30. Bxh3 Bg4 31. Qxb6 Qxh3+ 32. Kg1 Bf3 33. Rxf3 Rxf3 34. Qxa5 Rf5 35. Qa8+ Kg7 36. Nxb4 Rh5 37. Qg2 Qf5 38. Qf1 Qa5 39. Nd3 Qxa4 40. Nf4 Rf5 41. Nxe6+ Kf7 42. Nf4 Qxd4 43. Qe2 Re5 44.
Qf3 Qe4 45. Qb3+ Kg7 46. Qc3 Qe1+ 47. Qxe1 Rxe1+ 48. Kg2 Rb1 49. Nd3 Rd1 50. Nf4 Rd2 51. b3 Rb2 52. Ne6+ Kf6 53. Nc5 Rc2 54. Ne4+ Ke5 55.
Ng5 h5 56. Nf3+ Ke4 57. Ng5+ Kf5 58. Nf3 Rb2 59. Nd4+ Ke4 60. Nf3 Kd5 61. Nh4 g5 62. Nf3 g4 63. Nh4 Rxb3 64. Nf5 Ke5 65. Ng7 h4 66. gxh4 Rh3 67. h5 Kf6 68. Ne8+ Kg5 69. Ng7 Kh6 70. Nf5+ Kxh5 71. Ng3+ Kg5 72. Ne4+ Kf4 73.
Nf6 Rh6 74. Nd5+ Ke4 75. Nc3+ Kd3 76. Nd5 Ke4 77. Nc3+ Kf5 78. Ne2 Rb6 79. Nd4+ Kf4 80. Ne2+ Kg5 81. Nd4 Rb4 82. Ne6+ Kf5 83. Ng7+ Kg6 84.
Ne6 Rb3 85. Nf4+ Kf5 86. Nd5 Rb2 87. Kg3 Ke5 88. Ne3 Ke4 89. Nxg4 Rb3+ 1/2-1/2

[Event "*** Titled Tuesday 3|2 Blitz"]
[Site "Chess.com"]
[Date "2016.06.07"]
[Round "5"]
[White "Rikikits"]
[Black "platy3"]
[Result "1/2-1/2"]
[WhiteElo "2440"]
[BlackElo "2684"]
[TimeControl "180+2"]
[EndTime "12:07:19 PDT"]
[Termination "Game drawn by repetition"]

1. e4 c5 2. Nf3 e6 3. d4 cxd4 4. Nxd4 a6 5. Be2 Nf6 6. Nc3 Qc7 7. O-O Be7 8. f4 d6 9. Be3 O-O 10. Qe1 b5 11. a3 Bb7 12. Qg3 Nbd7 13. Rae1 Nxe4 14.
Nxe4 Bxe4 15. f5 e5 16. f6 Bxf6 17. Nf5 Qxc2 18. Nxd6 Bg6 19. Bg4 Nc5 20. Rc1 Ne4 21.
Nxe4 Qxe4 22. Bc5 Rfc8 23. Bxc8 Rxc8 24. Bf2 Rxc1 25. Rxc1 h5 26. Qe3 Qd5 27. Qe2 Kh7 28. Rd1 Qb3 29. h3 a5 30. Rd6 b4 31. axb4 axb4 32.
Rd2 Qa2 33. Be3 Qb1+ 34. Qf1 Qe4 35. Qf3 Qb1+ 36. Qf1 Qe4 37. Qf3 Qc4 38. Qe2 Qb3 39. Qf2 Qa2 40. Qe1 e4 41. Bd4 Bg5 42. Be3 Bf6 43. Bd4 Be7 44. Qe3 Qc4 45. g3 Qb5 46. h4 Qf5 47. Rf2 Qd5 48. Rd2 Qc6 49. Kg2 Bd6 50.
Bxg7 Kxg7 51. Qd4+ Kh7 52. Qxd6 Qc1 53. Qf4 b3 54. Qe3 Qc4 55. Rf2 Qd5 56. Rd2 Qc4 57.
Rf2 Qd5 58. Kh2 Qc4 59. Rd2 Qe6 60. Qd4 Qg4 61. Qe3 Qe6 62. Kg1 Qc4 63. Kh2 Qc1 64. Re2 Qc4 65. Rd2 Qc1 66. Re2 Qc4 67. Rf2 Qe6 68.
Rf4 Qc4 69. Rf2 Qe6 70. Rd2 Qc4 71. Qe1 Qe6 72. Qe3 Qc4 73. Rf2 Qe6 74. Qc3 Qd5 75.
Rd2 Qe6 76. Rd8 f6 77. Qc7+ Bf7 78. Rd2 Kg6 79. Qf4 Qc4 80. Rf2 Qd4 81. Re2 Bd5 82. Qe3 Qxe3 83. Rxe3 Kf5 84. Rc3 Ke5 85. Kg1 Kd4 86.
Kf2 Bc4 87. Rxc4+ Kxc4 88. g4 hxg4 89. h5 g3+ 90. Kxg3 e3 91. h6 Kd3 92. h7 e2 93.
h8=Q e1=Q+ 94. Kg2 Qd2+ 95. Kf3 Qe2+ 96. Kg3 Qe5+ 97. Kf3 Qxb2 98. Qh7+ Kd2 99. Qh2+ Kc1 100. Qg1+ Kc2 101. Qg6+ Kd2 102. Qh6+ Kd3 103. Qh7+ Kc4 104. Qc7+ Kd3 105. Qh7+ Kc3 106. Qc7+ Kb4 107. Qb7+ Kc4 108. Qc7+ Kd3 109. Qh7+ 1/2-1/2

[Event "*** Titled Tuesday 3|2 Blitz"]
[Site "Chess.com"]
[Date "2016.06.07"]
[Round "6"]
[White "E-Shaposhnikov"]
[Black "severomorskij"]
[Result "1/2-1/2"]
[WhiteElo "2591"]
[BlackElo "2612"]
[TimeControl "180+2"]
[EndTime "12:10:43 PDT"]
[Termination "Game drawn by agreement"]

1. e4 c5 2. Nf3 Nc6 3. Bb5 d6 4.
O-O Bd7 5. Re1 Nf6 6. h3 Ne5 7. a4 a6 8. Bxd7+ Nfxd7 9. Na3 g6 10. Nxe5 Nxe5 11. d3 Bg7 12. c3 O-O 13. Nc4 b5 14.
Nxe5 Bxe5 15. Be3 Qb6 16. d4 cxd4 17. cxd4 Bg7 18. a5 Qb7 19. Qd3 Rac8 20. Rac1 1/2-1/2

[Event "*** Titled Tuesday 3|2 Blitz"]
[Site "Chess.com"]
[Date "2016.06.07"]
[Round "6"]
[White "iaraldinho"]
[Black "josiwales"]
[Result "1-0"]
[WhiteElo "2452"]
[BlackElo "2119"]
[TimeControl "180+2"]
[EndTime "12:12:02 PDT"]
[Termination "iaraldinho won by resignation"]

1. e4 c5 2. Nf3 d6 3. d4 cxd4 4. Nxd4 Nf6 5. Nc3 g6 6. Be2 Bg7 7. Be3 a6 8. O-O Nbd7 9. Kh1 b5 10. f4 Bb7 11. Bf3 b4 12. Nd5 Nxd5 13. exd5 Nc5 14. Nc6 Qc7 15. Bd4 O-O 16. Bxg7 Kxg7 17. Qd4+ f6 18. Rae1 Bxc6 19. dxc6 Rae8 20. Qxb4 e5 21. Bd5 Rb8 22. Qa3 exf4 23. b4 Rb5 24. bxc5 Rxc5 25. c4 a5 26. Qb3 Rb8 27. Qf3 g5 28. Qe4 Rb2 29. h3 Rxa2 30. Qe8 Kh6 31. Re7 Qb6 32.
Qf8+ Kh5 33. Rxh7+ Kg6 34. Be4+ 1-0